 Dungeon Crawl Stone Soup version 0.19.0-2-gae57169 (webtiles) character file.

129 Gingerlord the Skirmisher (level 5, -2/42 HPs)
             Began as a Formicid Abyssal Knight on Nov 5, 2016.
             Was a Believer of Lugonu.
             Slain by an orc priest
             ... wielding a +0 mace of pain
              (5 damage)
             ... on level 4 of the Dungeon.
             The game lasted 00:04:35 (2293 turns).

Gingerlord the Skirmisher (Formicid Abyssal Knight) Turns: 2293, Time: 00:04:35

Health: -2/42      AC:  5    Str: 17    XL:     5   Next: 35%
Magic:  7/7        EV: 11    Int: 12    God:    Lugonu [**....]
Gold:   59         SH:  0    Dex: 10    Spells: 0 memorised, 4 levels left

rFire  . . .     SeeInvis +     a - +1 spear
rCold  . . .     Gourm    .     o - +0 ring mail (curse)
rNeg   . . .     Faith    .     (no shield)
rPois  .         Spirit   .     (helmet unavailable)
rElec  .         Reflect  .     (no cloak)
rCorr  .         Harm     .     (no gloves)
MR     .....                    (no boots)
Stlth  ..........               (no amulet)
                                (no ring)
                                (no ring)

@: no status effects
A: permanent stasis, dig shafts and tunnels, four strong arms, antennae 3
a: Dig, Shaft Self, Depart the Abyss, Bend Space, Renounce Religion


You were on level 4 of the Dungeon.
You worshipped Lugonu.
Lugonu was pleased with you.
You were not hungry.

You visited 1 branch of the dungeon, and saw 4 of its levels.
You visited the Abyss 1 time.

You collected 59 gold pieces.

Inventory:

Hand Weapons
 a - a +1 spear (weapon)
Armour
 o - a cursed +0 ring mail (worn)
Scrolls
 i - 2 scrolls of remove curse {unknown}
 k - a scroll of immolation {unknown}
 n - a scroll of noise {unknown}
 p - a scroll of fog {unknown}
 q - 2 scrolls of identify {unknown}
 r - a scroll of blinking {unknown}
 u - 3 scrolls of amnesia {unknown}
Potions
 d - 3 potions of flight {unknown}
 e - 2 potions of brilliance {unknown}
 g - a potion of ambrosia {unknown}
 h - 2 potions of heal wounds {unknown}
 j - a potion of mutation {unknown}
 l - a potion of degeneration {unknown}
 s - 2 potions of berserk rage {unknown}
 t - 2 potions of curing {unknown}
Comestibles
 b - a beef jerky
 c - 2 bread rations
 f - 2 meat rations
 m - a royal jelly


   Skills:
 + Level 4.0 Fighting
 + Level 2.7 Polearms
 + Level 3.4 Armour
 + Level 1.6 Dodging
 + Level 3.4 Invocations


You had 4 spell levels left.
You didn't know any spells.

Dungeon Overview and Level Annotations

Branches:
Dungeon (4/15)
 Temple: D:4-7

Altars:


Innate Abilities, Weirdness & Mutations

You are under a permanent stasis effect.
You can dig through walls and to a lower floor.
Your four strong arms can wield two-handed weapons with a shield.
You have a pair of large antennae on your head. (SInv)


Message History

There is a stone staircase leading up here.
You are too injured to fight recklessly!
You are too injured to fight recklessly!
You are too injured to fight recklessly!
You closely miss the orc priest.
The orc priest is moderately wounded.
The orc priest begins to cast a cantrip, but forgets the words!
You hit the orc priest.
The orc priest is severely wounded.
The orc priest closely misses you.
You closely miss the orc priest.
The orc priest is severely wounded.
The orc priest hits you with a mace of pain!
* * * LOW HITPOINT WARNING * * *
You writhe in agony.
* * * LOW HITPOINT WARNING * * *
You closely miss the orc priest.
The orc priest is severely wounded.
The orc priest hits you with a mace of pain.
You die...

#+ #.
#.
##.##
##...##
#...@o#
##...##
##.##
.. ##.
#< #.
#.


You could see an orc priest.

Vanquished Creatures
  Ijyb (D:2)
  5 adders (D:2)
  An ooze (D:2)
  A worm (D:2)
  A dart slug (D:2)
  2 orcs (D:3)
  6 goblins
  3 hobgoblins
  A quokka (D:2)
  8 bats
  5 frilled lizards
  8 kobolds
  9 rats
51 creatures vanquished.

Notes
Turn   | Place    | Note
-------+----------+-------------------------------------------
     0 | Abyss:1  | Gingerlord the Formicid Abyssal Knight began the quest for the Orb.
     0 | Abyss:1  | Reached XP level 1. HP: 18/18 MP: 2/2
    97 | D:1      | Escaped the Abyss
   147 | D:1      | Reached * piety under Lugonu
   147 | D:1      | Reached skill level 1 in Dodging
   265 | D:1      | Reached XP level 2. HP: 23/24 MP: 3/3
   389 | D:1      | Reached XP level 3. HP: 29/29 MP: 4/4
  1107 | D:2      | Noticed Ijyb
  1126 | D:2      | Killed Ijyb
  1126 | D:2      | Reached XP level 4. HP: 37/37 MP: 4/6
  1612 | D:2      | Reached ** piety under Lugonu
  1612 | D:2      | Reached skill level 4 in Fighting
  1844 | D:2      | Reached XP level 5. HP: 36/42 MP: 7/7
  2293 | D:4      | Slain by an orc priest

Skill      XL: |  1  2  3  4 |
---------------+-------------+-----
Dodging        | 1 |  1.6
Armour         | 3 |  3.4
Invocations    | 3 |  3.4
Fighting       | 4 |  4.0
Polearms       | |  2.7

Action                   |  1- 3 |  4- 6 || total
-------------------------+-------+-------++-------
Melee: Spear             |   131 |   148 ||   279
Invok: Depart the Abyss  |     1 |       ||     1
  Eat: Chunk             |       |     5 ||     5
Armor: Leather armour    |    18 |       ||    18
       Ring mail         |     6 |    58 ||    64
Dodge: Dodged            |    45 |    66 ||   111
